 Dungeon Crawl Stone Soup version 0.23.2-33-g5129a83184 (webtiles) character file.

Game seed: 7611232841802421209

8642 psyvane the Carver (level 11, 0/88 HPs)
             Began as a Yellow Draconian Warper on July 21, 2019.
             Was a Priest of Okawaru.
             Slain by a troll (5 damage)
             ... on level 11 of the Dungeon.
             The game lasted 01:00:39 (13773 turns).

psyvane the Carver (Yellow Draconian Warper)       Turns: 13773, Time: 01:00:41

Health: 0/88       AC: 13    Str: 16      XL:     11   Next: 12%
Magic:  7/14       EV: 14    Int: 13      God:    Okawaru [***...]
Gold:   314        SH:  0    Dex: 11 (12) Spells: 3/14 levels left

rFire    + . .     SeeInvis .   E - +4 great sword
rCold    . . .     Gourm    .   (shield currently unavailable)
rNeg     . . .     Faith    .   (armour unavailable)
rPois    .         Spirit   .   e - +2 hat
rElec    .         Reflect  .   q - +2 cloak
rCorr    +         Harm     .   D - +0 pair of gloves
MR       .....                  (no boots)
Stlth    +.........             (no amulet)
HPRegen  0.24/turn              z - ring of protection from fire
MPRegen  0.14/turn              (no ring)

@: no status effects
A: spit acid, unfitting armour, cold-blooded, acid resistance, AC +7
a: Breathe Acid, Heroism, Renounce Religion


You were on level 11 of the Dungeon.
You worshipped Okawaru.
Okawaru was most pleased with you.
You were not hungry.

You visited 2 branches of the dungeon, and saw 12 of its levels.
You also visited: Ossuary.

You collected 440 gold pieces.
You spent 126 gold pieces at shops.

Inventory:

Hand Weapons
 a - a +0 falchion
 l - a +3 dire flail of draining
 E - a +4 great sword (weapon)
Missiles
 g - a tomahawk
 i - 5 tomahawks of dispersal
 t - 5 needles of sleeping
 C - 2 throwing nets (quivered)
Armour
 e - a +2 hat (worn)
 q - a +2 cloak (worn)
 D - a +0 pair of gloves (worn)
Jewellery
 d - the ring "Rahuej" {Fire Int-4 Dex+6 SInv}
   (You found it on level 7 of the Dungeon)

   [ring of fire]

   It enhances your fire magic.
   It affects your intelligence (-4).
   It affects your dexterity (+6).
   It protects you from fire.
   It makes you vulnerable to cold.
   It lets you see invisible.
 z - a ring of protection from fire (left hand)
 M - an uncursed ring of wizardry {unknown}
Wands
 c - a wand of iceblast (8)
 v - a wand of digging (5)
 H - a wand of enslavement (8)
 K - a wand of flame (16)
 L - a wand of polymorph (11)
Scrolls
 b - 3 scrolls of immolation
 h - 5 scrolls of remove curse
 m - 2 scrolls of fear {unknown}
 o - 3 scrolls of enchant armour {unknown}
 r - 3 scrolls of amnesia
 u - a scroll of fog {unknown}
 w - a scroll of vulnerability {unknown}
 x - 2 scrolls of enchant weapon {unknown}
 y - a scroll of acquirement {unknown}
 J - a scroll of identify
Potions
 j - 4 potions of mutation
 n - 4 potions of flight
 p - 3 potions of degeneration
 B - 2 potions of cancellation
 I - a potion of curing
Comestibles
 f - 13 rations


   Skills:
 - Level 5.2 Fighting
 - Level 14.1 Long Blades
 - Level 0.8 Throwing
 - Level 5.7 Dodging
 - Level 2.0 Spellcasting
 - Level 5.4 Translocations
 * Level 3.4 Evocations


You had 3 spell levels left.
You knew the following spells:

 Your Spells              Type           Power        Failure   Level  Hunger
a - Blink                 Tloc           N/A          4%          2    ###....
b - Shroud of Golubria    Chrm/Tloc      #.........   12%         2    ###....
c - Teleport Other        Tloc           ###.....     9%          3    ####...
d - Apportation           Tloc           ###...       2%          1    ##.....
e - Gell's Gravitas       Tloc           ###.......   9%          3    ####...

Your spell library contained the following spells:

 Spells                   Type           Power        Failure   Level  Hunger
 Lesser Beckoning         Tloc           ###.......   9%          3    ####...
 Animate Skeleton         Necr           N/A          26%         1    ##.....
 Confusing Touch          Hex            #.....       26%         1    ##.....
 Pain                     Necr           #...         26%         1    ##.....
 Summon Small Mammal      Summ           #...         26%         1    ##.....
 Regeneration             Chrm/Necr      #.........   58%         3    ####...
 Vampiric Draining        Necr           #.........   58%         3    ####...
 Passage of Golubria      Tloc           N/A          26%         4    #####..
 Animate Dead             Necr           N/A          94%         4    #####..


Dungeon Overview and Level Annotations

Branches:
Dungeon (11/15)            Temple (1/1) D:4            Lair (0/6) D:9
    Orc (0/2) D:10

Altars:
Ashenzari
Cheibriados
Dithmenos
Elyvilon
Fedhas
Gozag
Hepliaklqana
Kikubaaqudgha
Makhleb
Nemelex Xobeh
Okawaru
Qazlal
Ru
Sif Muna
Trog
Uskayaw
Vehumet
Wu Jian
Xom
Yredelemnul
Zin
The Shining One
Beogh

Shops:
D:5 :   D:7 [

Annotations:
D:3 Menkaure


Innate Abilities, Weirdness & Mutations

You can spit globs of acid.
Your golden yellow scales are hard. (AC +7)
You cannot fit into any form of body armour.
You are cold-blooded and may be slowed by cold attacks.
You are resistant to acid. (rCorr)


Message History

Your hearing returns.
You feel a little less clever now.
There is an open door here.
The unseen horror is no longer charmed.
You can no longer detect the unseen horror.
Something hits you.
* * * LOW HITPOINT WARNING * * *
Deactivating autopickup; reactivate with Ctrl-A.
Something hits you.
* * * LOW HITPOINT WARNING * * *
Something hits you but does no damage.
There is a stone staircase leading down, spattered with blood here.
Something hits you.
* * * LOW HITPOINT WARNING * * *
Something hits you.
* * * LOW HITPOINT WARNING * * *
You climb downwards.
Reactivating autopickup.
The troll bites you.
You die...

..... #........#.....T..# ####.
#........#......... ...#
##........#....###'# ...# .#
#####.........######....
...#.............................
...#...................####TJJ.##
####..............(....# ######
...............T..<....#
................@.....##
......................#
......############....#
......#..........#....#
......#..........#....#
......#..........'....#
......#..........#....#
......###'####...+....#
.............#+###....#


You could see a troll.

Vanquished Creatures
  Harold (D:7)
  A two-headed ogre (D:9)
  An unseen horror (D:10)
  Pikel (D:4)
  The ghost of Statics the Covert, a novice OpMo of Ashenzari (D:6)
  Joseph (D:7)
  Grinder (D:5)
  Edmund (D:3)
  A water moccasin (D:7)
  5 porcupines (D:9)
  3 black bears
  4 orc warriors
  2 sky beasts
  4 ice beasts
  6 ogres
  3 crocodiles
  A centaur (D:6)
  5 bullfrogs
  A gnoll sergeant (D:6)
  A scorpion (D:9)
  A water moccasin skeleton (D:7)
  3 wights (D:9)
  5 killer bees (D:8)
  5 howler monkeys
  4 crimson imps
  2 centaur zombies (Ossuary)
  A quasit (D:10)
  6 hounds
  4 jellies
  2 centaur skeletons (D:7)
  A wyvern simulacrum (D:7)
  6 orc priests
  2 bullfrog skeletons
  Jessica (D:2)
  4 orc wizards
  A killer bee zombie (D:6)
  4 worker ants
  A hound zombie (D:5)
  A hound skeleton (D:7)
  3 mummies
  A howler monkey zombie (D:6)
  18 adders
  3 gnolls (D:6)
  4 white imps
  A worker ant simulacrum (D:7)
  2 adder zombies (Ossuary)
  A worm (D:4)
  6 dart slugs
  5 leopard geckos
  48 orcs
  2 ball pythons
  5 giant cockroaches
  14 goblins
  13 hobgoblins
  7 jackals
  7 kobolds
  3 quokkas
  6 bats
  4 frilled lizards
  A goblin zombie (Ossuary)
  13 hobgoblin zombies (Ossuary)
  A jackal skeleton (D:8)
  A jackal zombie (Ossuary)
  11 kobold zombies (Ossuary)
  6 orc zombies (Ossuary)
  2 quokka skeletons
  9 rats
  A rat zombie (Ossuary)
296 creatures vanquished.

Vanquished Creatures (others)
  Eustachio (D:5)
  An orc (D:10)
  A jackal skeleton (D:4)
  15 fungi (D:9)
  10 plants (D:9)
28 creatures vanquished.

Grand Total: 324 creatures vanquished

Notes
Turn   | Place    | Note
-------+----------+-------------------------------------------
     0 | D:1      | psyvane the Draconian Warper began the quest for the Orb.
     0 | D:1      | Reached XP level 1. HP: 17/17 MP: 3/3
   166 | D:1      | Reached XP level 2. HP: 26/26 MP: 5/5
   172 | D:1      | Learned a level 2 spell: Blink
   175 | D:1      | Learned a level 2 spell: Shroud of Golubria
   530 | D:1      | Reached XP level 3. HP: 33/33 MP: 1/6
  1261 | D:2      | Reached XP level 4. HP: 24/41 MP: 3/7
  1653 | D:2      | Noticed Jessica
  1762 | D:2      | Killed Jessica
  1762 | D:2      | Reached skill level 5 in Fighting
  2094 | D:3      | Reached XP level 5. HP: 29/48 MP: 2/8
  2417 | D:3      | Reached skill level 3 in Long Blades
  2694 | D:3      | Learned a level 3 spell: Teleport Other
  2888 | D:4      | Noticed Menkaure
  2888 | D:4      | Noticed Edmund
  3062 | D:3      | Killed Edmund
  3062 | D:3      | Reached skill level 4 in Long Blades
  3062 | D:3      | Reached XP level 6. HP: 36/56 MP: 9/9
  3207 | D:3      | HP: 1/56 [hound (6)]
  3523 | D:4      | Found a sand-covered staircase.
  3537 | Ossuary  | Entered an ossuary
  3895 | Ossuary  | Reached skill level 5 in Long Blades
  4755 | D:4      | Found a staircase to the Ecumenical Temple.
  4770 | D:4      | Noticed a slave
  4771 | D:4      | Noticed Pikel
  4772 | D:4      | Noticed a slave
  4773 | D:4      | Noticed a slave
  4799 | D:4      | Noticed a slave
  4807 | D:4      | Killed Pikel
  4807 | D:4      | Reached skill level 7 in Long Blades
  4807 | D:4      | Your scales start taking on a golden yellow colour.
  4807 | D:4      | Reached XP level 7. HP: 47/61 MP: 5/10
  4807 | D:4      | Gained mutation: You are resistant to acid. (rCorr) [Yellow
                  | Draconian growth]
  4819 | D:4      | Reached skill level 8 in Long Blades
  5096 | D:4      | Reached XP level 8. HP: 65/68 MP: 7/11
  5440 | D:5      | Entered Level 5 of the Dungeon
  5445 | D:5      | Learned a level 1 spell: Apportation
  5449 | D:5      | Learned a level 3 spell: Gell's Gravitas
  5801 | D:5      | Noticed Eustachio
  5857 | D:5      | Noticed Grinder
  6279 | D:5      | Killed Eustachio
  6279 | D:5      | Reached skill level 5 in Translocations
  6292 | D:5      | Paralysed by Grinder for 6 turns
  6303 | D:5      | Paralysed by Grinder for 6 turns
  6649 | D:6      | Reached skill level 9 in Long Blades
  7259 | D:6      | Reached skill level 10 in Long Blades
  7259 | D:6      | Reached XP level 9. HP: 61/74 MP: 9/12
  7330 | D:6      | Found an ornate altar of the Wu Jian Council.
  7721 | D:7      | Noticed Harold
  7744 | D:7      | Killed Harold
  7744 | D:7      | Reached skill level 11 in Long Blades
  7847 | D:7      | Found Nemam's Antique Armour Boutique.
  7852 | D:7      | Bought a pair of gloves for 126 gold pieces
  8197 | D:7      | Reached skill level 12 in Long Blades
  8240 | D:7      | Noticed Joseph
  8276 | D:7      | Killed Joseph
  8419 | D:7      | Noticed Statics's ghost (novice OpMo)
  8689 | D:7      | Reached XP level 10. HP: 61/81 MP: 6/13
  8926 | Temple   | Entered the Ecumenical Temple
  9025 | Temple   | Became a worshipper of Warmaster Okawaru
  9102 | D:5      | Paralysed by Grinder for 7 turns
  9113 | D:5      | Killed Grinder
  9166 | D:5      | Found Pioc Vas's Book Emporium.
  9368 | D:7      | Reached skill level 13 in Long Blades
  9440 | D:7      | Found a runed translucent gate.
  9440 | D:7      | Found a runed translucent gate.
  9440 | D:7      | Found a runed translucent gate.
  9503 | D:7      | Found a radiant altar of Vehumet.
 10180 | D:7      | Got the ring "Rahuej" {Fire}
 10190 | D:7      | Identified the ring "Rahuej" {Fire Int-4 Dex+6 SInv} (You
                  | found it on level 7 of the Dungeon)
 10236 | D:6      | Killed Statics's ghost
 10236 | D:6      | Reached * piety under Okawaru
 11539 | D:9      | Reached skill level 14 in Long Blades
 11761 | D:9      | Reached ** piety under Okawaru
 11926 | D:9      | Noticed a two-headed ogre
 11941 | D:9      | Killed a two-headed ogre
 11941 | D:9      | Reached skill level 5 in Dodging
 12112 | D:9      | Found a staircase to the Lair.
 12325 | D:9      | Reached *** piety under Okawaru
 12441 | D:9      | Found a blossoming altar of Fedhas.
 12587 | D:10     | Entered Level 10 of the Dungeon
 12957 | D:11     | Reached XP level 11. HP: 83/88 MP: 11/14
 13018 | D:10     | Found a roughly hewn altar of Beogh.
 13018 | D:10     | Found a staircase to the Orcish Mines.
 13040 | D:10     | Reached skill level 1 in Evocations
 13452 | D:10     | Killed an unseen horror
 13728 | D:10     | HP: 3/88 [something (11)]
 13772 | D:10     | HP: 4/88 [something (4)]
 13773 | D:11     | Slain by a troll

Skill      XL: |  1  2  3  4  5  6  7  8  9 10 11 |
---------------+----------------------------------+-----
Fighting       | 3 4 5 |  5.2
Long Blades    | 4 7 8 10 12 14 | 14.1
Translocations | 5 |  5.4
Dodging        | 5 |  5.7
Evocations     | 3 |  3.4
Throwing       | |  0.8
Spellcasting   | |  2.0

Action                   |  1- 3 |  4- 6 |  7- 9 | 10-12 || total
-------------------------+-------+-------+-------+-------++-------
Melee: Falchion          |    97 |   427 |   483 |   282 ||  1289
       Tailslap          |     9 |    75 |    85 |    59 ||   228
       Great sword       |       |       |       |   130 ||   130
Throw: Tomahawk          |       |     4 |       |     1 ||     5
       Throwing net      |       |       |       |     2 ||     2
 Cast: Shroud of Golubri |     7 |    40 |    52 |    71 ||   170
       Blink             |     3 |     3 |     2 |    10 ||    18
 Abil: Breathe Acid      |       |       |     2 |     2 ||     4
Evoke: Wand              |       |    11 |       |    17 ||    28
  Use: Scroll            |       |     8 |     7 |     8 ||    23
       Potion            |       |     3 |     4 |     7 ||    14
 Stab: Sleeping          |       |     4 |       |     1 ||     5
       Paralysed         |       |    38 |       |       ||    38
  Eat: Chunk             |     2 |     9 |    14 |    15 ||    40
       Ration            |       |     2 |     1 |     3 ||     6
Armor: Skin              |    30 |   118 |   235 |   196 ||   579
Dodge: Dodged            |    73 |   269 |   313 |   235 ||   890
       Rpst.: Falchion   |    23 |    90 |    99 |    40 ||   252
       Great sword       |       |       |       |    19 ||    19
